Ice Dragons vs Patriotes
Created - 19 décembre 2015 at 20:12
Goals
|
| Ice Dragons |
1 |
2 |
0 |
3 |
| Patriotes |
1 |
0 |
3 |
4 |
|
Shots
|
| Ice Dragons |
13 |
8 |
7 |
28 |
| Patriotes |
10 |
16 |
10 |
36 |
|
1st period
1. Patriotes , Zenon Konopka 7 (Andrew Gordon, Fedor Fedorov) at 6:43 (PP)
2. Ice Dragons , Oskar Osala 14 (Niklas Sundstrom, Justin Pogge) at 14:31
Penalties :
Boris Valabik (Kin) for High sticking (Minor) at 4:55, Boris Valabik (Kin) for Slashing (Minor) at 10:27, Cal Clutterbuck (Kin) for Hooking (Minor) at 18:19
2nd period
3. Ice Dragons , Cal Clutterbuck 21 (Patrick O'Sullivan) at 8:00
4. Ice Dragons , Patrick O'Sullivan 17 (Cal Clutterbuck, Boris Valabik) at 8:36 (PP)
Penalties :
Tyler Haskins (Kin) for Roughing (Minor) at 0:33, Andreas Nodl (Nyc) for Hooking (Minor) at 8:19, Zenon Konopka (Nyc) for Interference (Minor) at 15:57, Fedor Fedorov (Nyc) for Goalie Interference (Minor) at 19:09
3rd period
5. Patriotes , Matt Calvert 7 (Ryan White) at 1:23
6. Patriotes , Christian Hanson 16 (Timothy Kunes, Andreas Nodl) at 8:31
7. Patriotes , Andrew Gordon 16 (Fedor Fedorov) at 11:39
Penalties :
No Penalty
Goalie Stats
Justin Pogge (Kin), 32 saves from 36 shots - (0,889), L, 13-6-3, 59:21 minutes
Marek Schwarz (Nyc), 25 saves from 28 shots - (0,893), W, 12-12-3, 60:00 minutes
Players Stats for Ice Dragons
Player Name G A P +/- PIM S H SB GA TA FO MP PP MP PK MP
------------------------------------------------------------------------------------
Alexander Urbom 0 0 0 0 0 0 0 0 0 0 0/0 0:00 0:00 0:00
Boris Valabik 0 1 1 -1 4 2 0 2 1 3 0/0 27:54 2:32 2:24
Brandon Kozun 0 0 0 0 0 0 0 0 0 0 0/0 1:06 0:22 0:00
Brayden McNabb 0 0 0 0 0 0 0 0 0 0 0/0 0:00 0:00 0:00
Cal Clutterbuck 1 1 2 2 2 3 0 1 0 2 0/0 19:11 2:27 2:33
Danny Syvret 0 0 0 -1 0 1 1 2 0 0 0/0 20:12 1:43 3:22
Francis Bouillon 0 0 0 -1 0 2 0 1 0 0 0/0 20:12 1:43 3:22
Joe Callahan 0 0 0 -1 0 2 1 1 1 2 0/0 26:45 2:32 4:23
Jonathan Blum 0 0 0 1 0 0 0 1 0 0 0/0 10:21 0:00 0:00
Jordan LaVallee 0 0 0 -1 0 3 2 1 0 1 4/10 16:13 0:22 1:37
Logan MacMillan 0 0 0 0 0 0 0 0 0 0 0/0 0:00 0:00 0:00
Marek Viedensky 0 0 0 0 0 0 0 0 0 0 0/0 1:14 0:00 0:35
Michael Latta 0 0 0 -1 0 0 1 0 0 0 2/6 8:46 0:00 0:00
Niklas Sundstrom 0 1 1 -2 0 1 0 0 0 0 0/1 20:33 1:26 2:29
Oskar Osala 1 0 1 -2 0 2 3 3 0 0 0/1 18:03 1:26 0:00
Patrick O'Sullivan 1 1 2 2 0 4 3 1 0 0 13/33 19:03 2:27 3:47
Petr Vrana 0 0 0 0 0 1 0 0 0 1 0/0 9:02 0:22 0:25
Raymond Sawada 0 0 0 -1 0 3 2 0 1 0 0/2 14:25 0:00 1:35
Ryan Reaves 0 0 0 0 0 0 0 0 0 0 0/0 6:43 0:00 0:00
Samuel Groulx 0 0 0 0 0 0 0 0 0 0 0/0 0:00 0:00 0:00
Slava Voynov 0 0 0 0 0 0 0 0 0 0 0/0 3:06 0:00 0:24
Tomas Kudelka 0 0 0 0 0 0 0 0 0 0 0/0 0:00 0:00 0:00
Troy Brouwer 0 0 0 2 0 4 0 2 0 0 0/2 19:01 2:27 2:29
Tyler Eckford 0 0 0 1 0 0 1 0 0 1 0/0 11:56 0:00 1:35
Tyler Haskins 0 0 0 -2 2 0 0 1 0 1 4/9 18:25 1:26 0:00
Players Stats for Patriotes
Player Name G A P +/- PIM S H SB GA TA FO MP PP MP PK MP
------------------------------------------------------------------------------------
A.J Thelen 0 0 0 0 0 2 1 1 1 1 0/0 26:58 4:05 2:46
Andreas Nodl 0 1 1 1 2 2 3 0 3 0 2/4 23:33 3:46 1:48
Andrew Gordon 1 1 2 -1 0 6 1 0 1 0 3/3 17:17 3:59 0:59
Anthony Bitetto 0 0 0 0 0 0 0 0 0 1 0/0 11:22 0:00 0:00
Christian Hanson 1 0 1 1 0 3 2 0 0 0 18/27 21:53 3:35 0:16
Dale Weise 0 0 0 0 0 0 0 0 0 0 0/0 0:00 0:00 0:00
Dwight King 0 0 0 0 0 2 3 0 1 0 1/1 11:43 0:11 0:00
Fedor Fedorov 0 2 2 -1 2 1 2 0 1 0 1/1 17:00 3:59 0:43
Joakim Andersson 0 0 0 0 0 0 0 0 0 0 0/0 0:00 0:00 0:00
Joe Charlebois 0 0 0 1 0 0 1 1 0 0 0/0 21:40 3:40 1:29
Jordan Samuels-Thomas 0 0 0 0 0 0 0 0 0 0 0/0 1:08 0:00 1:08
Lauri Tukonen 0 0 0 0 0 1 0 0 0 1 0/0 11:43 0:11 0:00
Matt Calvert 1 0 1 1 0 4 0 0 0 0 0/0 6:07 0:00 0:00
Melker Karlsson 0 0 0 0 0 0 0 0 0 0 0/0 0:00 0:00 0:00
Nigel Williams 0 0 0 0 0 1 2 0 0 0 0/0 11:22 0:00 0:00
Riley Sheahan 0 0 0 0 0 1 1 1 0 0 4/7 13:00 0:00 1:28
Ryan Spooner 0 0 0 0 0 0 0 0 0 0 0/0 0:11 0:00 0:11
Ryan White 0 1 1 1 0 1 0 0 0 0 2/2 6:07 0:00 0:00
Ryan Wilson 0 0 0 0 0 3 1 0 1 0 0/0 23:51 4:05 2:46
Stephen Johns 0 0 0 0 0 0 0 0 0 0 0/0 3:50 0:00 0:00
Timothy Kunes 0 1 1 1 0 3 2 2 0 0 0/0 20:57 3:40 1:29
Tomas Kurka 0 0 0 1 0 1 4 0 3 0 1/2 23:34 3:35 1:57
Zack Stortini 0 0 0 1 0 0 1 0 0 0 0/0 6:07 0:00 0:00
Zenon Konopka 1 0 1 -1 2 5 0 0 0 0 9/17 16:19 3:59 0:00
3 Stars
1 - Patrick O'Sullivan (Kin)
2 - Cal Clutterbuck (Kin)
3 - Christian Hanson (Nyc)
Power Play
Ice Dragons - 1 on 3 Attempt(s) - 33,33%
Patriotes - 1 on 4 Attempt(s) - 25,00%
Penalty Kill
Ice Dragons - 3 on 4 Attempt(s) - 75,00%
- Score 0 goal in Penalty Kill
Patriotes - 2 on 3 Attempt(s) - 66,67%
- Score 0 goal in Penalty Kill
Team Stat
Ice Dragons - Hits : 14 - Faceoff Wins : 23 - Blocked Shots : 16 - Penalty Minutes : 8
Patriotes - Hits : 24 - Faceoff Wins : 41 - Blocked Shots : 5 - Penalty Minutes : 6
Official
Referees : Meier Brad and Martell Rob
Linesman : Jean Morin and Darren Gibbs
Game Notes
Patrick O'Sullivan is injured at 6:31 of 3rd period (Bruised Left Leg)
Finance
Level 1 -- Attendance: 1440 (72,00%) -- Ticket Income 50 400 $
Level 2 -- Attendance: 665 (66,50%) -- Ticket Income 9 975 $
Total Attendance: 2105 (70,17%)
Total Ticket Income: 60 375 $
Other Income: 3 019 $
Total Income: 63 394 $
Ice Dragons
5 vs 5 Forward
Center Left Wing Right Wing Time % Phy DF OF
1 Patrick O'Sullivan Troy Brouwer Cal Clutterbuck 40 1 2 2
2 Tyler Haskins Oskar Osala Niklas Sundstrom 30 1 2 2
3 Michael Latta Jordan LaVallee Raymond Sawada 20 1 2 2
4 Patrick O'Sullivan Petr Vrana Ryan Reaves 10 1 2 2
5 vs 5 Defense
Defense Defense Time % Phy DF OF
1 Boris Valabik Joe Callahan 40 1 2 2
2 Francis Bouillon Danny Syvret 30 1 2 2
3 Jonathan Blum Tyler Eckford 20 1 2 2
4 Slava Voynov Boris Valabik 10 1 2 2
PowerPlay Forward
Center Left Wing Right Wing Time % Phy DF OF
1 Patrick O'Sullivan Troy Brouwer Cal Clutterbuck 60 1 2 2
2 Tyler Haskins Oskar Osala Niklas Sundstrom 40 1 2 2
PowerPlay Defense
Defense Defense Time % Phy DF OF
1 Boris Valabik Joe Callahan 60 1 2 2
2 Francis Bouillon Danny Syvret 40 1 2 2
Penalty Kill 4 Players Forward
Center Wing Time % Phy DF OF
1 Patrick O'Sullivan Cal Clutterbuck 60 1 2 2
2 Niklas Sundstrom Troy Brouwer 40 1 2 2
Penalty Kill 4 Players Defense
Defense Defense Time % Phy DF OF
1 Boris Valabik Joe Callahan 60 1 2 2
2 Francis Bouillon Danny Syvret 40 1 2 2
Penalty Kill - 3 Players Forward
Forward Time % Phy DF OF
1 Patrick O'Sullivan 60 1 2 2
2 Cal Clutterbuck 40 1 2 2
Penalty Kill - 3 Players Defense
Defense Defense Time % Phy DF OF
1 Boris Valabik Joe Callahan 60 1 2 2
2 Francis Bouillon Danny Syvret 40 1 2 2
4 vs 4 Forward
Center Wing Time % Phy DF OF
1 Patrick O'Sullivan Cal Clutterbuck 60 1 2 2
2 Niklas Sundstrom Troy Brouwer 40 1 2 2
4 vs 4 Defense
Defense Defense Time % Phy DF OF
1 Boris Valabik Joe Callahan 60 1 2 2
2 Francis Bouillon Danny Syvret 40 1 2 2
Last Minutes Offensive
Center Left Wing Right Wing Defense Defense
Patrick O'Sullivan Troy Brouwer Cal Clutterbuck Boris Valabik Joe Callahan
Last Minutes Defensive
Center Left Wing Right Wing Defense Defense
Patrick O'Sullivan Troy Brouwer Cal Clutterbuck Boris Valabik Joe Callahan
Goaltenders
Starting : Justin Pogge
Backup : Anders Nilsson
Extra Forwards
Normal : Jordan LaVallee, Petr Vrana, Raymond Sawada - PP : Jordan LaVallee, Petr Vrana - PK : Raymond Sawada
Extra Defensemen
Normal : Jonathan Blum, Tyler Eckford, Slava Voynov - PP : Jonathan Blum - PK : Tyler Eckford, Slava Voynov
Penalty Shots
Patrick O'Sullivan, Cal Clutterbuck, Niklas Sundstrom, Troy Brouwer, Oskar Osala
Patriotes
5 vs 5 Forward
Center Left Wing Right Wing Time % Phy DF OF
1 Christian Hanson Tomas Kurka Andreas Nodl 40 1 2 2
2 Zenon Konopka Fedor Fedorov Andrew Gordon 30 1 2 2
3 Riley Sheahan Dwight King Lauri Tukonen 20 1 2 2
4 Ryan White Matt Calvert Zack Stortini 10 1 2 2
5 vs 5 Defense
Defense Defense Time % Phy DF OF
1 A.J Thelen Ryan Wilson 40 1 2 2
2 Joe Charlebois Timothy Kunes 30 1 2 2
3 Nigel Williams Anthony Bitetto 20 1 2 2
4 Stephen Johns A.J Thelen 10 1 2 2
PowerPlay Forward
Center Left Wing Right Wing Time % Phy DF OF
1 Christian Hanson Tomas Kurka Andreas Nodl 60 1 2 2
2 Zenon Konopka Fedor Fedorov Andrew Gordon 40 1 2 2
PowerPlay Defense
Defense Defense Time % Phy DF OF
1 A.J Thelen Ryan Wilson 60 1 2 2
2 Joe Charlebois Timothy Kunes 40 1 2 2
Penalty Kill 4 Players Forward
Center Wing Time % Phy DF OF
1 Andreas Nodl Tomas Kurka 60 1 2 2
2 Andrew Gordon Fedor Fedorov 40 1 2 2
Penalty Kill 4 Players Defense
Defense Defense Time % Phy DF OF
1 A.J Thelen Ryan Wilson 60 1 2 2
2 Joe Charlebois Timothy Kunes 40 1 2 2
Penalty Kill - 3 Players Forward
Forward Time % Phy DF OF
1 Andreas Nodl 60 1 2 2
2 Tomas Kurka 40 1 2 2
Penalty Kill - 3 Players Defense
Defense Defense Time % Phy DF OF
1 A.J Thelen Ryan Wilson 60 1 2 2
2 Joe Charlebois Timothy Kunes 40 1 2 2
4 vs 4 Forward
Center Wing Time % Phy DF OF
1 Andreas Nodl Tomas Kurka 60 1 2 2
2 Andrew Gordon Fedor Fedorov 40 1 2 2
4 vs 4 Defense
Defense Defense Time % Phy DF OF
1 A.J Thelen Ryan Wilson 60 1 2 2
2 Joe Charlebois Timothy Kunes 40 1 2 2
Last Minutes Offensive
Center Left Wing Right Wing Defense Defense
Christian Hanson Tomas Kurka Andreas Nodl A.J Thelen Ryan Wilson
Last Minutes Defensive
Center Left Wing Right Wing Defense Defense
Christian Hanson Tomas Kurka Andreas Nodl A.J Thelen Ryan Wilson
Goaltenders
Starting : Marek Schwarz
Backup : Jason Missiaen
Extra Forwards
Normal : Dwight King, Lauri Tukonen, Riley Sheahan - PP : Dwight King, Lauri Tukonen - PK : Riley Sheahan
Extra Defensemen
Normal : Nigel Williams, Anthony Bitetto, Stephen Johns - PP : Nigel Williams - PK : Anthony Bitetto, Stephen Johns
Penalty Shots
Andreas Nodl, Tomas Kurka, Andrew Gordon, Fedor Fedorov, Christian Hanson
% Time on Ice - Ice Dragons
Lines # - Real PCT - Wanted PCT - Time Play
Normal Forward
1 - 31% - 40% - 14:19
2 - 36% - 30% - 17:06
3 - 19% - 20% - 8:46
4 - 14% - 10% - 6:43
Normal Defense
1 - 40% - 40% - 18:44
2 - 32% - 30% - 15:07
3 - 22% - 20% - 10:21
4 - 6% - 10% - 2:42
PP Forward
1 - 66% - 60% - 2:49
2 - 34% - 40% - 1:26
PP Defense
1 - 60% - 60% - 2:32
2 - 40% - 40% - 1:43
PK Forward
1 - 68% - 60% - 5:16
2 - 32% - 40% - 2:29
PK Defense
1 - 57% - 60% - 4:23
2 - 43% - 40% - 3:22
PK3 Forward
1 - 0% - 60%
2 - 0% - 40%
PK3 Defense
1 - 0% - 60%
2 - 0% - 40%
44 Forward
1 - 0% - 60%
2 - 0% - 40%
44 Defense
1 - 0% - 60%
2 - 0% - 40%
Last Minute Offensive - 1:06
Last Minute Defensive - 0:00
Total
Forward - 60:00
Defense - 60:00
|
% Time on Ice - Patriotes
Lines # - Real PCT - Wanted PCT - Time Play
Normal Forward
1 - 36% - 40% - 16:56
2 - 26% - 30% - 12:19
3 - 25% - 20% - 11:32
4 - 13% - 10% - 6:07
Normal Defense
1 - 34% - 40% - 15:54
2 - 34% - 30% - 15:48
3 - 24% - 20% - 11:22
4 - 8% - 10% - 3:50
PP Forward
1 - 49% - 60% - 3:46
2 - 51% - 40% - 3:59
PP Defense
1 - 53% - 60% - 4:05
2 - 47% - 40% - 3:40
PK Forward
1 - 77% - 60% - 3:16
2 - 23% - 40% - 0:59
PK Defense
1 - 65% - 60% - 2:46
2 - 35% - 40% - 1:29
PK3 Forward
1 - 0% - 60%
2 - 0% - 40%
PK3 Defense
1 - 0% - 60%
2 - 0% - 40%
44 Forward
1 - 0% - 60%
2 - 0% - 40%
44 Defense
1 - 0% - 60%
2 - 0% - 40%
Last Minute Offensive - 0:00
Last Minute Defensive - 1:06
Total
Forward - 60:00
Defense - 60:00
|
Play by Play
1st period
0:01 of 1st period - Christian Hanson wins face-off versus Patrick O'Sullivan in neutral zone.
0:04 of 1st period - Wrist shot by Andreas Nodl.
0:04 of 1st period - Shot Misses the Net.
0:12 of 1st period - Snap shot by Patrick O'Sullivan.
0:12 of 1st period - Stopped by Marek Schwarz without a rebound.
0:13 of 1st period - Tyler Haskins wins face-off versus Zenon Konopka in Patriotes zone.
0:14 of 1st period - Wrist shot by Oskar Osala.
0:14 of 1st period - Deflect By Niklas Sundstrom.
0:14 of 1st period - Stopped by Marek Schwarz without a rebound.
0:15 of 1st period - Zenon Konopka wins face-off versus Niklas Sundstrom in Patriotes zone.
0:20 of 1st period - Snap shot by Niklas Sundstrom.
0:20 of 1st period - Shot Blocked by Joe Charlebois.
1:01 of 1st period - Timothy Kunes is hit by Tyler Eckford and loses puck.
1:08 of 1st period - Slapshot by Patrick O'Sullivan.
1:08 of 1st period - Stopped by Marek Schwarz with a rebound.
1:10 of 1st period - Snap shot by Jonathan Blum.
1:10 of 1st period - Shot Misses the Net.
1:12 of 1st period - Slapshot by Jonathan Blum.
1:12 of 1st period - Shot Blocked by Timothy Kunes.
2:46 of 1st period - Icing by Ryan Wilson.
2:47 of 1st period - Riley Sheahan wins face-off versus Patrick O'Sullivan in Patriotes zone.
4:24 of 1st period - Slapshot by Dwight King.
4:24 of 1st period - Deflect By Lauri Tukonen.
4:24 of 1st period - Shot Misses the Net.
4:24 of 1st period - Puck is out of play.
4:25 of 1st period - Riley Sheahan wins face-off versus Patrick O'Sullivan in Ice Dragons zone.
4:32 of 1st period - Wrist shot by Dwight King.
4:32 of 1st period - Stopped by Justin Pogge with a rebound.
4:34 of 1st period - Slapshot by Ryan Wilson.
4:34 of 1st period - Stopped by Justin Pogge without a rebound.
4:35 of 1st period - Christian Hanson wins face-off versus Tyler Haskins in Ice Dragons zone.
4:36 of 1st period - Snap shot by Andreas Nodl.
4:36 of 1st period - Deflect By Christian Hanson.
4:36 of 1st period - Shot Blocked by Oskar Osala.
4:36 of 1st period - Puck is out of play.
4:37 of 1st period - Christian Hanson wins face-off versus Tyler Haskins in Ice Dragons zone.
4:52 of 1st period - Slapshot by Tomas Kurka.
4:52 of 1st period - Stopped by Justin Pogge without a rebound.
4:53 of 1st period - Patrick O'Sullivan wins face-off versus Zenon Konopka in Ice Dragons zone.
4:55 of 1st period - Minor Penalty to Boris Valabik for High sticking.
4:56 of 1st period - Christian Hanson wins face-off versus Patrick O'Sullivan in Ice Dragons zone.
5:28 of 1st period - Slapshot by Andrew Gordon.
5:28 of 1st period - Stopped by Justin Pogge with a rebound.
5:38 of 1st period - Cal Clutterbuck is hit by Fedor Fedorov and loses puck.
6:43 of 1st period - Wrist shot by Andrew Gordon.
6:43 of 1st period - Deflect By Zenon Konopka.
6:43 of 1st period - Goal by Zenon Konopka - Ice Dragons : 0 - Patriotes : 1.
6:44 of 1st period - Christian Hanson wins face-off versus Michael Latta in neutral zone.
6:46 of 1st period - Off-side.
6:47 of 1st period - Michael Latta wins face-off versus Tomas Kurka in neutral zone.
6:49 of 1st period - Off-side.
6:50 of 1st period - Christian Hanson wins face-off versus Michael Latta in neutral zone.
6:52 of 1st period - Off-side.
6:53 of 1st period - Christian Hanson wins face-off versus Michael Latta in neutral zone.
7:22 of 1st period - Wrist shot by Jordan LaVallee.
7:22 of 1st period - Shot Misses the Net.
7:36 of 1st period - Snap shot by Jordan LaVallee.
7:36 of 1st period - Shot Blocked by A.J Thelen.
7:40 of 1st period - Snap shot by Jordan LaVallee.
7:40 of 1st period - Stopped by Marek Schwarz with a rebound.
7:42 of 1st period - Slapshot by Joe Callahan.
7:42 of 1st period - Stopped by Marek Schwarz with a rebound.
7:44 of 1st period - Slapshot by Boris Valabik.
7:44 of 1st period - Stopped by Marek Schwarz without a rebound.
7:45 of 1st period - Zenon Konopka wins face-off versus Patrick O'Sullivan in Patriotes zone.
7:47 of 1st period - Icing by Fedor Fedorov.
7:48 of 1st period - Patrick O'Sullivan wins face-off versus Zenon Konopka in Patriotes zone.
8:40 of 1st period - Icing by Patrick O'Sullivan.
8:41 of 1st period - Patrick O'Sullivan wins face-off versus Christian Hanson in Ice Dragons zone.
8:50 of 1st period - Icing by Andreas Nodl.
8:51 of 1st period - Christian Hanson wins face-off versus Patrick O'Sullivan in Patriotes zone.
9:24 of 1st period - Wrist shot by Andreas Nodl.
9:24 of 1st period - Shot Misses the Net.
9:26 of 1st period - Slapshot by A.J Thelen.
9:26 of 1st period - Deflect By Andreas Nodl.
9:26 of 1st period - Shot Blocked by Boris Valabik.
9:26 of 1st period - Puck is out of play.
9:27 of 1st period - Andrew Gordon wins face-off versus Patrick O'Sullivan in Ice Dragons zone.
9:38 of 1st period - Wrist shot by Troy Brouwer.
9:38 of 1st period - Shot Misses the Net.
9:40 of 1st period - Snap shot by Francis Bouillon.
9:40 of 1st period - Stopped by Marek Schwarz with a rebound.
10:22 of 1st period - Slapshot by Matt Calvert.
10:22 of 1st period - Stopped by Justin Pogge without a rebound.
10:23 of 1st period - Ryan White wins face-off versus Patrick O'Sullivan in Ice Dragons zone.
10:24 of 1st period - Slapshot by Ryan Wilson.
10:24 of 1st period - Stopped by Justin Pogge without a rebound.
10:25 of 1st period - Patrick O'Sullivan wins face-off versus Zenon Konopka in Ice Dragons zone.
10:27 of 1st period - Minor Penalty to Boris Valabik for Slashing.
10:28 of 1st period - Patrick O'Sullivan wins face-off versus Christian Hanson in Ice Dragons zone.
11:18 of 1st period - Niklas Sundstrom is hit by Christian Hanson and loses puck.
11:51 of 1st period - Francis Bouillon is hit by Andrew Gordon and loses puck.
12:27 of 1st period - Penalty to Boris Valabik is over, Boris Valabik is back on ice.
12:31 of 1st period - Wrist shot by Jordan LaVallee.
12:31 of 1st period - Stopped by Marek Schwarz with a rebound.
12:52 of 1st period - Snap shot by Boris Valabik.
12:52 of 1st period - Shot Misses the Net.
12:54 of 1st period - Slapshot by Francis Bouillon.
12:54 of 1st period - Stopped by Marek Schwarz without a rebound.
12:55 of 1st period - Tyler Haskins wins face-off versus Riley Sheahan in Patriotes zone.
13:20 of 1st period - Troy Brouwer is hit by Timothy Kunes.
13:56 of 1st period - Snap shot by Jordan LaVallee.
13:56 of 1st period - Shot Misses the Net.
14:06 of 1st period - Wrist shot by Oskar Osala.
14:06 of 1st period - Shot Blocked by Riley Sheahan.
14:12 of 1st period - Tyler Eckford is hit by Nigel Williams and loses puck.
14:31 of 1st period - Wrist shot by Oskar Osala.
14:31 of 1st period - Goal by Oskar Osala - Ice Dragons : 1 - Patriotes : 1.
14:32 of 1st period - Tomas Kurka wins face-off versus Patrick O'Sullivan in neutral zone.
14:35 of 1st period - Boris Valabik is hit by Tomas Kurka.
14:43 of 1st period - Slapshot by Troy Brouwer.
14:43 of 1st period - Stopped by Marek Schwarz with a rebound.
14:45 of 1st period - Snap shot by Boris Valabik.
14:45 of 1st period - Stopped by Marek Schwarz without a rebound.
14:46 of 1st period - Zenon Konopka wins face-off versus Patrick O'Sullivan in Patriotes zone.
14:46 of 1st period - Zenon Konopka is hit by Patrick O'Sullivan.
15:12 of 1st period - Andreas Nodl is hit by Oskar Osala and loses puck.
15:31 of 1st period - Francis Bouillon is hit by Dwight King and loses puck.
16:19 of 1st period - Boris Valabik is hit by Tomas Kurka and loses puck.
16:44 of 1st period - Snap shot by Andrew Gordon.
16:44 of 1st period - Stopped by Justin Pogge without a rebound.
16:45 of 1st period - Andrew Gordon wins face-off versus Jordan LaVallee in Ice Dragons zone.
17:10 of 1st period - Wrist shot by Raymond Sawada.
17:10 of 1st period - Stopped by Marek Schwarz with a rebound.
17:32 of 1st period - Slapshot by Andrew Gordon.
17:32 of 1st period - Shot Misses the Net.
17:51 of 1st period - Off-side.
17:52 of 1st period - Christian Hanson wins face-off versus Patrick O'Sullivan in neutral zone.
17:55 of 1st period - Snap shot by Andreas Nodl.
17:55 of 1st period - Shot Misses the Net.
17:57 of 1st period - Wrist shot by Tomas Kurka.
17:57 of 1st period - Shot Blocked by Cal Clutterbuck.
17:59 of 1st period - Slapshot by Christian Hanson.
17:59 of 1st period - Stopped by Justin Pogge with a rebound.
18:03 of 1st period - Backhand shot by Christian Hanson.
18:03 of 1st period - Stopped by Justin Pogge without a rebound.
18:04 of 1st period - Patrick O'Sullivan wins face-off versus Christian Hanson in Ice Dragons zone.
18:19 of 1st period - Minor Penalty to Cal Clutterbuck for Hooking.
18:20 of 1st period - Christian Hanson wins face-off versus Patrick O'Sullivan in Ice Dragons zone.
Goals for this period are 1 for Ice Dragons vs 1 for Patriotes.
Shots for this period are 13 for Ice Dragons vs 10 for Patriotes.
2nd period
0:01 of 2nd period - Andreas Nodl wins face-off versus Patrick O'Sullivan in neutral zone.
0:19 of 2nd period - Penalty to Cal Clutterbuck is over, Cal Clutterbuck is back on ice.
0:20 of 2nd period - Cal Clutterbuck is hit by Andreas Nodl.
0:33 of 2nd period - Minor Penalty to Tyler Haskins for Roughing.
0:34 of 2nd period - Christian Hanson wins face-off versus Patrick O'Sullivan in Ice Dragons zone.
0:45 of 2nd period - Joe Callahan is hit by Tomas Kurka and loses puck.
2:06 of 2nd period - Ryan Wilson is hit by Jordan LaVallee and loses puck.
2:33 of 2nd period - Penalty to Tyler Haskins is over, Tyler Haskins is back on ice.
2:49 of 2nd period - Snap shot by Lauri Tukonen.
2:49 of 2nd period - Stopped by Justin Pogge with a rebound.
3:45 of 2nd period - Cal Clutterbuck is hit by Andreas Nodl and loses puck.
4:24 of 2nd period - Snap shot by Fedor Fedorov.
4:24 of 2nd period - Shot Blocked by Tyler Haskins.
4:26 of 2nd period - Slapshot by A.J Thelen.
4:26 of 2nd period - Stopped by Justin Pogge with a rebound.
5:04 of 2nd period - Icing by Joe Charlebois.
5:05 of 2nd period - Zenon Konopka wins face-off versus Raymond Sawada in Patriotes zone.
5:05 of 2nd period - Zenon Konopka is hit by Michael Latta.
5:13 of 2nd period - Wrist shot by Jordan LaVallee.
5:13 of 2nd period - Stopped by Marek Schwarz with a rebound.
6:22 of 2nd period - Slapshot by Zenon Konopka.
6:22 of 2nd period - Shot Misses the Net.
6:24 of 2nd period - Wrist shot by Andrew Gordon.
6:24 of 2nd period - Deflect By Fedor Fedorov.
6:24 of 2nd period - Shot Blocked by Troy Brouwer.
6:24 of 2nd period - Puck is out of play.
6:25 of 2nd period - Patrick O'Sullivan wins face-off versus Zenon Konopka in Ice Dragons zone.
6:25 of 2nd period - Patrick O'Sullivan is hit by Fedor Fedorov.
6:38 of 2nd period - Icing by A.J Thelen.
6:39 of 2nd period - Zenon Konopka wins face-off versus Oskar Osala in Patriotes zone.
6:48 of 2nd period - Snap shot by Andrew Gordon.
6:48 of 2nd period - Stopped by Justin Pogge with a rebound.
6:50 of 2nd period - Backhand shot by A.J Thelen.
6:50 of 2nd period - Stopped by Justin Pogge with a rebound.
6:52 of 2nd period - Snap shot by Andrew Gordon.
6:52 of 2nd period - Stopped by Justin Pogge with a rebound.
6:54 of 2nd period - Slapshot by Ryan Wilson.
6:54 of 2nd period - Shot Blocked by Danny Syvret.
6:56 of 2nd period - Slapshot by Andrew Gordon.
6:56 of 2nd period - Shot Misses the Net.
6:58 of 2nd period - Snap shot by Zenon Konopka.
6:58 of 2nd period - Stopped by Justin Pogge without a rebound.
6:59 of 2nd period - Christian Hanson wins face-off versus Patrick O'Sullivan in Ice Dragons zone.
7:17 of 2nd period - Icing by A.J Thelen.
7:18 of 2nd period - Christian Hanson wins face-off versus Tyler Haskins in Patriotes zone.
8:00 of 2nd period - Wrist shot by Cal Clutterbuck.
8:00 of 2nd period - Goal by Cal Clutterbuck - Ice Dragons : 2 - Patriotes : 1.
8:01 of 2nd period - Patrick O'Sullivan wins face-off versus Andreas Nodl in neutral zone.
8:19 of 2nd period - Minor Penalty to Andreas Nodl for Hooking.
8:20 of 2nd period - Riley Sheahan wins face-off versus Troy Brouwer in Patriotes zone.
8:32 of 2nd period - Wrist shot by Cal Clutterbuck.
8:32 of 2nd period - Deflect By Riley Sheahan.
8:32 of 2nd period - Stopped by Marek Schwarz with a rebound.
8:34 of 2nd period - Snap shot by Patrick O'Sullivan.
8:34 of 2nd period - Stopped by Marek Schwarz with a rebound.
8:36 of 2nd period - Snap shot by Patrick O'Sullivan.
8:36 of 2nd period - Goal by Patrick O'Sullivan - Ice Dragons : 3 - Patriotes : 1.
8:37 of 2nd period - Patrick O'Sullivan wins face-off versus Christian Hanson in neutral zone.
8:42 of 2nd period - Slapshot by Cal Clutterbuck.
8:42 of 2nd period - Stopped by Marek Schwarz with a rebound.
8:44 of 2nd period - Slapshot by Joe Callahan.
8:44 of 2nd period - Shot Misses the Net.
8:46 of 2nd period - Slapshot by Joe Callahan.
8:46 of 2nd period - Stopped by Marek Schwarz without a rebound.
8:47 of 2nd period - Christian Hanson wins face-off versus Troy Brouwer in Patriotes zone.
9:03 of 2nd period - Andreas Nodl is hit by Patrick O'Sullivan and loses puck.
9:18 of 2nd period - Wrist shot by Ryan Wilson.
9:18 of 2nd period - Deflect By Tomas Kurka.
9:18 of 2nd period - Shot Misses the Net.
9:18 of 2nd period - Puck is out of play.
9:19 of 2nd period - Zenon Konopka wins face-off versus Tyler Haskins in Ice Dragons zone.
9:26 of 2nd period - Wrist shot by Fedor Fedorov.
9:26 of 2nd period - Shot Misses the Net.
9:28 of 2nd period - Slapshot by Joe Charlebois.
9:28 of 2nd period - Shot Blocked by Francis Bouillon.
9:30 of 2nd period - Wrist shot by Zenon Konopka.
9:30 of 2nd period - Stopped by Justin Pogge without a rebound.
9:31 of 2nd period - Christian Hanson wins face-off versus Patrick O'Sullivan in Ice Dragons zone.
9:36 of 2nd period - Wrist shot by Andreas Nodl.
9:36 of 2nd period - Stopped by Justin Pogge with a rebound.
10:37 of 2nd period - Oskar Osala is hit by Timothy Kunes and loses puck.
11:24 of 2nd period - Tomas Kurka is hit by Oskar Osala.
12:19 of 2nd period - Snap shot by Oskar Osala.
12:19 of 2nd period - Stopped by Marek Schwarz with a rebound.
13:00 of 2nd period - Snap shot by Andreas Nodl.
13:00 of 2nd period - Shot Misses the Net.
13:02 of 2nd period - Slapshot by Andreas Nodl.
13:02 of 2nd period - Shot Misses the Net.
13:04 of 2nd period - Snap shot by Andreas Nodl.
13:04 of 2nd period - Stopped by Justin Pogge without a rebound.
13:05 of 2nd period - Zenon Konopka wins face-off versus Patrick O'Sullivan in Ice Dragons zone.
13:06 of 2nd period - Slapshot by Fedor Fedorov.
13:06 of 2nd period - Shot Misses the Net.
13:32 of 2nd period - Riley Sheahan is hit by Raymond Sawada and loses puck.
13:39 of 2nd period - Snap shot by Raymond Sawada.
13:39 of 2nd period - Shot Misses the Net.
13:53 of 2nd period - Snap shot by Matt Calvert.
13:53 of 2nd period - Shot Blocked by Jonathan Blum.
13:55 of 2nd period - Slapshot by Ryan White.
13:55 of 2nd period - Shot Misses the Net.
13:57 of 2nd period - Slapshot by Matt Calvert.
13:57 of 2nd period - Stopped by Justin Pogge with a rebound.
13:59 of 2nd period - Wrist shot by Ryan White.
13:59 of 2nd period - Shot Blocked by Patrick O'Sullivan.
14:01 of 2nd period - Wrist shot by Ryan White.
14:01 of 2nd period - Stopped by Justin Pogge without a rebound.
14:02 of 2nd period - Zenon Konopka wins face-off versus Michael Latta in Ice Dragons zone.
14:13 of 2nd period - Snap shot by Fedor Fedorov.
14:13 of 2nd period - Shot Misses the Net.
15:01 of 2nd period - Icing by Danny Syvret.
15:02 of 2nd period - Fedor Fedorov wins face-off versus Patrick O'Sullivan in Ice Dragons zone.
15:03 of 2nd period - Snap shot by Zenon Konopka.
15:03 of 2nd period - Shot Blocked by Danny Syvret.
15:11 of 2nd period - Snap shot by Andrew Gordon.
15:11 of 2nd period - Stopped by Justin Pogge with a rebound.
15:13 of 2nd period - Slapshot by Zenon Konopka.
15:13 of 2nd period - Stopped by Justin Pogge with a rebound.
15:15 of 2nd period - Slapshot by Zenon Konopka.
15:15 of 2nd period - Stopped by Justin Pogge with a rebound.
15:17 of 2nd period - Snap shot by Zenon Konopka.
15:17 of 2nd period - Shot Hit the Post.
15:37 of 2nd period - Snap shot by Dwight King.
15:37 of 2nd period - Stopped by Justin Pogge without a rebound.
15:38 of 2nd period - Michael Latta wins face-off versus Zenon Konopka in Ice Dragons zone.
15:38 of 2nd period - Michael Latta is hit by A.J Thelen.
15:48 of 2nd period - Zenon Konopka is hit by Jordan LaVallee and loses puck.
15:57 of 2nd period - Minor Penalty to Zenon Konopka for Interference.
15:58 of 2nd period - Andrew Gordon wins face-off versus Patrick O'Sullivan in Patriotes zone.
16:35 of 2nd period - Slapshot by Riley Sheahan.
16:35 of 2nd period - Shot Blocked by Troy Brouwer.
17:27 of 2nd period - Joe Charlebois is hit by Danny Syvret and loses puck.
17:57 of 2nd period - Penalty to Zenon Konopka is over, Zenon Konopka is back on ice.
18:31 of 2nd period - Wrist shot by Andrew Gordon.
18:31 of 2nd period - Shot Misses the Net.
18:33 of 2nd period - Snap shot by Fedor Fedorov.
18:33 of 2nd period - Stopped by Justin Pogge without a rebound.
18:34 of 2nd period - Tyler Haskins wins face-off versus Riley Sheahan in Ice Dragons zone.
19:09 of 2nd period - Minor Penalty to Fedor Fedorov for Goalie Interference.
19:10 of 2nd period - Andreas Nodl wins face-off versus Patrick O'Sullivan in Patriotes zone.
Goals for this period are 2 for Ice Dragons vs 0 for Patriotes.
Shots for this period are 8 for Ice Dragons vs 16 for Patriotes.
3rd period
0:01 of 3rd period - Patrick O'Sullivan wins face-off versus Andreas Nodl in neutral zone.
1:09 of 3rd period - Penalty to Fedor Fedorov is over, Fedor Fedorov is back on ice.
1:23 of 3rd period - Slapshot by Matt Calvert.
1:23 of 3rd period - Goal by Matt Calvert - Ice Dragons : 3 - Patriotes : 2.
1:24 of 3rd period - Patrick O'Sullivan wins face-off versus Christian Hanson in neutral zone.
2:19 of 3rd period - Lauri Tukonen is hit by Patrick O'Sullivan.
2:52 of 3rd period - Timothy Kunes is hit by Oskar Osala and loses puck.
3:13 of 3rd period - Wrist shot by Troy Brouwer.
3:13 of 3rd period - Deflect By Cal Clutterbuck.
3:13 of 3rd period - Shot Hit the Post.
3:13 of 3rd period - Puck is out of play.
3:14 of 3rd period - Patrick O'Sullivan wins face-off versus Zenon Konopka in Patriotes zone.
3:29 of 3rd period - Slapshot by A.J Thelen.
3:29 of 3rd period - Deflect By Andrew Gordon.
3:29 of 3rd period - Shot Misses the Net.
3:29 of 3rd period - Puck is out of play.
3:30 of 3rd period - Tyler Haskins wins face-off versus Christian Hanson in Ice Dragons zone.
4:11 of 3rd period - Francis Bouillon is hit by Dwight King and loses puck.
4:24 of 3rd period - Snap shot by Jordan LaVallee.
4:24 of 3rd period - Deflect By Raymond Sawada.
4:24 of 3rd period - Stopped by Marek Schwarz with a rebound.
5:33 of 3rd period - Tyler Eckford is hit by Dwight King.
5:59 of 3rd period - Snap shot by Lauri Tukonen.
5:59 of 3rd period - Shot Blocked by Oskar Osala.
6:29 of 3rd period - Snap shot by Riley Sheahan.
6:29 of 3rd period - Stopped by Justin Pogge without a rebound.
6:30 of 3rd period - Patrick O'Sullivan wins face-off versus Christian Hanson in Ice Dragons zone.
6:30 of 3rd period - Patrick O'Sullivan is hit by Joe Charlebois.
6:31 of 3rd period - Patrick O'Sullivan from Ice Dragons is injured at 6:31 of 3rd period (Bruised Left Leg).
6:32 of 3rd period - Jordan LaVallee wins face-off versus Christian Hanson in Ice Dragons zone.
7:35 of 3rd period - Wrist shot by Tomas Kurka.
7:35 of 3rd period - Shot Blocked by Boris Valabik.
7:37 of 3rd period - Wrist shot by Tomas Kurka.
7:37 of 3rd period - Shot Misses the Net.
7:39 of 3rd period - Slapshot by Joe Charlebois.
7:39 of 3rd period - Shot Blocked by Oskar Osala.
7:41 of 3rd period - Snap shot by Timothy Kunes.
7:41 of 3rd period - Stopped by Justin Pogge with a rebound.
8:27 of 3rd period - Slapshot by Andreas Nodl.
8:27 of 3rd period - Shot Misses the Net.
8:29 of 3rd period - Slapshot by Timothy Kunes.
8:29 of 3rd period - Stopped by Justin Pogge with a rebound.
8:31 of 3rd period - Snap shot by Christian Hanson.
8:31 of 3rd period - Goal by Christian Hanson - Ice Dragons : 3 - Patriotes : 3.
8:32 of 3rd period - Jordan LaVallee wins face-off versus Zenon Konopka in neutral zone.
9:16 of 3rd period - Icing by Danny Syvret.
9:17 of 3rd period - Ryan White wins face-off versus Raymond Sawada in Ice Dragons zone.
9:37 of 3rd period - Snap shot by Raymond Sawada.
9:37 of 3rd period - Stopped by Marek Schwarz with a rebound.
9:39 of 3rd period - Wrist shot by Francis Bouillon.
9:39 of 3rd period - Shot Misses the Net.
9:41 of 3rd period - Slapshot by Danny Syvret.
9:41 of 3rd period - Stopped by Marek Schwarz without a rebound.
9:42 of 3rd period - Jordan LaVallee wins face-off versus Riley Sheahan in Patriotes zone.
9:55 of 3rd period - Wrist shot by Troy Brouwer.
9:55 of 3rd period - Shot Misses the Net.
9:57 of 3rd period - Slapshot by Jonathan Blum.
9:57 of 3rd period - Shot Blocked by Timothy Kunes.
10:22 of 3rd period - Joe Callahan is hit by Zack Stortini and loses puck.
10:37 of 3rd period - Andrew Gordon is hit by Joe Callahan and loses puck.
10:52 of 3rd period - Slapshot by Petr Vrana.
10:52 of 3rd period - Stopped by Marek Schwarz without a rebound.
10:53 of 3rd period - Dwight King wins face-off versus Jordan LaVallee in Patriotes zone.
11:00 of 3rd period - Danny Syvret is hit by Riley Sheahan and loses puck.
11:05 of 3rd period - Wrist shot by Dwight King.
11:05 of 3rd period - Shot Blocked by Jordan LaVallee.
11:39 of 3rd period - Wrist shot by Andrew Gordon.
11:39 of 3rd period - Goal by Andrew Gordon - Ice Dragons : 3 - Patriotes : 4.
11:40 of 3rd period - Christian Hanson wins face-off versus Jordan LaVallee in neutral zone.
11:53 of 3rd period - Wrist shot by Troy Brouwer.
11:53 of 3rd period - Stopped by Marek Schwarz with a rebound.
12:14 of 3rd period - Snap shot by Fedor Fedorov.
12:14 of 3rd period - Shot Misses the Net.
12:16 of 3rd period - Slapshot by Ryan Wilson.
12:16 of 3rd period - Stopped by Justin Pogge with a rebound.
12:27 of 3rd period - Icing by Francis Bouillon.
12:28 of 3rd period - Riley Sheahan wins face-off versus Jordan LaVallee in Ice Dragons zone.
13:34 of 3rd period - Boris Valabik is hit by Ryan Wilson and loses puck.
14:13 of 3rd period - Tyler Eckford is hit by Tomas Kurka.
14:29 of 3rd period - Snap shot by Matt Calvert.
14:29 of 3rd period - Stopped by Justin Pogge with a rebound.
15:53 of 3rd period - Danny Syvret is hit by Andreas Nodl and loses puck.
16:10 of 3rd period - Icing by A.J Thelen.
16:11 of 3rd period - Zenon Konopka wins face-off versus Tyler Haskins in Patriotes zone.
16:16 of 3rd period - Wrist shot by Lauri Tukonen.
16:16 of 3rd period - Shot Misses the Net.
16:38 of 3rd period - Joe Callahan is hit by Christian Hanson.
16:58 of 3rd period - Andrew Gordon is hit by Raymond Sawada and loses puck.
17:07 of 3rd period - Wrist shot by Andrew Gordon.
17:07 of 3rd period - Shot Misses the Net.
17:09 of 3rd period - Slapshot by Nigel Williams.
17:09 of 3rd period - Stopped by Justin Pogge with a rebound.
17:46 of 3rd period - Francis Bouillon is hit by Nigel Williams and loses puck.
18:53 of 3rd period - Slapshot by Timothy Kunes.
18:53 of 3rd period - Stopped by Justin Pogge without a rebound.
18:54 of 3rd period - Darryl Sutter call a timeout for Ice Dragons.
18:54 of 3rd period - Christian Hanson wins face-off versus Jordan LaVallee in Ice Dragons zone.
18:55 of 3rd period - Slapshot by Andreas Nodl.
18:55 of 3rd period - Shot Blocked by Joe Callahan.
19:21 of 3rd period - Ice Dragons, Justin Pogge is pulled from the net.
19:31 of 3rd period - Wrist shot by Boris Valabik.
19:31 of 3rd period - Deflect By Troy Brouwer.
19:31 of 3rd period - Stopped by Marek Schwarz with a rebound.
19:46 of 3rd period - Off-side.
19:47 of 3rd period - Jordan LaVallee wins face-off versus Christian Hanson in neutral zone.
19:50 of 3rd period - Snap shot by Troy Brouwer.
19:50 of 3rd period - Stopped by Marek Schwarz without a rebound.
19:51 of 3rd period - Christian Hanson wins face-off versus Jordan LaVallee in Patriotes zone.
Goals for this period are 0 for Ice Dragons vs 3 for Patriotes.
Shots for this period are 7 for Ice Dragons vs 10 for Patriotes.
Output by the SimonT Hockey Simulator (STHS) for François Prévost -- Original Page W3C XHTML 1.0 Valid